Map: Acropolis LE

Players

Scyth

  • Race: Zerg Zerg
  • Spawn Location: 11:00

A.I. 1 (Very Easy)

  • Race: Terran Terran
  • Spawn Location: 5:00

VOD

Have the link to the VOD?

Description

Time

  • Played on: Oct. 1, 2019, 7:27 p.m.
  • Length: 75:05
Show
View Real Time Build Order
Export as new Build Order

Scyth Zerg 

Build Orders: Hatch First 

Get SALT Encoding   

  1  0:00  Lair  
    0:20  Overlord  
    0:26  Drone x12  
  12  0:46  Overlord  
  12  0:56  Drone  
  12  0:57  Drone  
  14  1:06  Drone  
  14  1:11  Drone  
  16  1:20  Drone  
  17  1:35  Hatchery  
  16  1:43  Extractor  
  16  1:45  Drone x2  
  17  1:56  Drone  
  18  2:02  Spawning Pool  
  17  2:14  Drone x2  
  19  2:23  Drone  
  20  2:34  Overlord  
  20  2:51  Lair  
  20  3:02  Queen  
  22  3:07  Drone x2  
  24  3:19  Zergling x6  
  27  3:24  Metabolic Boost  
  27  3:33  Zergling x2  
  28  3:37  Queen  
  30  3:43  Zergling x2  
  31  4:12  Queen  
  31  4:15  Overlord  
  33  4:26  Roach Warren  
  33  4:29  Evolution Chamber  
  33  4:30  Drone  
  32  4:40  Spore Crawler  
  31  4:52  Spore Crawler  
  30  4:56  Zerg Missile Weapons Level 1  
  30  5:05  Zergling x6  
  30  5:06  Zergling x2  
  34  5:08  Drone  
  34  5:09  Drone  
  38  5:14  Drone x2  
  38  5:18  Extractor  
  38  5:19  Glial Reconstitution  
  37  5:28  Drone  
  37  5:29  Drone  
  37  5:34  Roach x2  
  43  5:40  Extractor  
  42  5:58  Drone x2  
  42  5:59  Overlord  
  42  6:02  Overlord x2  
  44  6:34  Drone x2  
  44  6:35  Drone x2  
  48  6:45  Roach x4  
  57  7:16  Ravager  
  57  7:18  Roach x3  
  63  7:25  Roach  
  63  7:26  Roach  
  67  7:36  Drone  
  68  7:47  Hatchery  
  68  7:48  Evolution Chamber  
  66  7:54  Extractor  
  65  8:04  Zerg Missile Weapons Level 2  
  65  8:15  Zerg Ground Armor Level 1  
  65  8:30  Ravager x2  
  67  8:34  Ravager  
  67  8:38  Overlord x2  
  67  8:39  Overlord  
  68  9:03  Ravager  
  68  9:04  Ravager x4  
  68  9:05  Ravager x2, Overlord  
  68  9:06  Overlord x3  
  68  9:07  Drone  
  76  9:18  Hydralisk Den  
  76  9:22  Drone  
  76  9:23  Drone x2  
  78  9:38  Drone  
  79  9:42  Drone  
  79  9:43  Extractor, Drone  
  80  10:07  Roach  
  80  10:08  Roach x3  
  88  10:28  Ravager  
  88  10:29  Ravager x3  
  88  10:31  Overlord x3  
  92  10:39  Queen  
  92  10:42  Drone x3  
  97  10:52  Roach x2  
  97  10:53  Roach x3  
  107  11:10  Extractor  
  106  11:14  Drone x2  
  107  12:01  Roach x2  
  107  12:02  Roach x5  
  119  12:09  Roach x3  
  119  12:10  Roach x2  
  119  12:12  Drone x3  
  132  12:26  Ravager x3  
  135  12:30  Ravager x4  
  135  12:31  Ravager  
  140  12:50  Overlord  
  140  12:51  Overlord x3  
  140  12:54  Roach x3  
  140  12:58  Roach  
  148  12:59  Roach x2  
  152  13:18  Roach  
  152  13:19  Roach x3  
  161  13:20  Ravager x3  
  161  13:24  Roach x4  
  161  13:25  Roach x3  
  177  13:27  Overlord  
  177  13:28  Overlord x2  
  177  13:46  Ravager x3  
  177  13:47  Ravager x4  
  177  13:48  Ravager x2  
  185  13:49  Ravager x2  
  185  13:53  Overseer  
  188  14:01  Roach x4  
  196  14:16  Protoss Ground Weapons Level 3, Protoss Ground Armor Level 3, Protoss Shields Level 3  
  196  14:38  Terran Ship Armor Level 3, Terran Infantry Armor Level 3, Zerg Melee Weapons Level 3, Zerg Missile Weapons Level 3, Protoss Air Armor Level 3, Terran Vehicle Weapons Level 3, Terran Ship Weapons Level 3, Terran Vehicle Armor Level 3, Zerg Flyer Armor Level 3, Zerg Ground Armor Level 3, Zerg Flyer Weapons Level 3, Protoss Air Weapons Level 3, Terran Infantry Weapons Level 3  
  196  14:41  Protoss Ground Armor Level 2, Protoss Shields Level 2, Protoss Ground Weapons Level 2  
  196  14:59  Terran Vehicle Weapons Level 2, Zerg Missile Weapons Level 2, Terran Ship Armor Level 2, Protoss Air Weapons Level 2, Terran Infantry Armor Level 2, Zerg Melee Weapons Level 2, Terran Infantry Weapons Level 2, Protoss Air Armor Level 2, Zerg Ground Armor Level 2, Zerg Flyer Armor Level 2, Terran Vehicle Armor Level 2, Zerg Flyer Weapons Level 2, Terran Ship Weapons Level 2  
  196  15:06  Protoss Shields Level 1, Protoss Ground Armor Level 1, Protoss Ground Weapons Level 1  
  192  15:14  Blink  
  190  15:21  Zerg Flyer Armor Level 1, Protoss Air Armor Level 1, Zerg Flyer Weapons Level 1, Terran Infantry Armor Level 1, Zerg Melee Weapons Level 1, Zerg Missile Weapons Level 1, Terran Ship Armor Level 1, Zerg Ground Armor Level 1, Terran Vehicle Armor Level 1, Terran Ship Weapons Level 1, Protoss Air Weapons Level 1, Terran Infantry Weapons Level 1, Terran Vehicle Weapons Level 1  
  190  15:35  Extended Thermal Lance, Stimpack, Warp Gate, Neosteel Armor, Charge, Resonating Glaives, Weapon Refit  
  190  15:42  Ventral Sacs, Adrenal Glands  
  190  15:48  Enduring Locusts  
  190  15:49  Personal Cloaking  
  190  15:56  Corvid Reactor, Tunneling Claws, Combat Shield, Durable Materials, Infernal Pre-Igniter, Psionic Storm, Glial Reconstitution, Chitinous Plating, Neural Parasite, Cloaking Field, Centrifical Hooks, Neosteel Frame, Metabolic Boost  
  184  16:04  Burrow, Muscular Augments x2  
  184  16:18  Gravitic Boosters, Graviton Catapult, Moebius Reactor, Pathogen Glands, Behemoth Reactor, Gravitic Drive, Caduceus Reactor, Hi-Sec Auto Tracking  
  184  16:31  Hydralisk x3  
  184  16:32  Hydralisk x4, Pneumatized Carapace, Concussive Shells  
  190  16:33  Hydralisk x3, Lair  
  187  17:12  Overlord  
  187  17:15  Unknown x5  
  187  17:18  Drone x12  
    17:32  Drone  
  13  17:43  Overlord  
  13  17:49  Drone  
  14  18:05  Drone x2  
  16  18:10  Drone  
  17  18:27  Hatchery  
  16  18:34  Drone  
  17  18:43  Extractor  
  16  18:49  Drone x2  
  18  18:55  Spawning Pool  
  17  19:20  Drone  
  17  19:21  Drone x2  
  20  19:47  Drone  
  20  19:49  Overlord  
  20  19:52  Queen  
  23  20:15  Drone x3  
  26  20:28  Queen  
  28  20:30  Metabolic Boost  
  28  20:32  Zergling x2  
  28  20:33  Zergling x2  
  30  20:48  Zergling x2  
  31  20:58  Overlord  
  31  21:03  Drone  
  32  21:05  Drone  
  32  21:10  Drone  
  34  21:14  Lair  
  34  21:19  Overlord  
  34  21:22  Queen  
  36  21:50  Roach Warren  
  35  21:56  Evolution Chamber  
  35  21:58  Zergling x6  
  35  22:00  Zergling x6  
  40  22:09  Spore Crawler  
  39  22:20  Spore Crawler  
  38  22:26  Zerg Missile Weapons Level 1  
  38  22:31  Drone  
  38  22:32  Drone x3  
  42  22:42  Extractor  
  42  22:43  Glial Reconstitution  
  41  22:52  Extractor  
  40  23:05  Roach x4  
  48  23:17  Drone x3  
  51  23:42  Overlord x2  
  51  23:43  Overlord x2  
  51  23:58  Ravager  
  52  24:05  Roach x3  
  58  24:12  Roach x4  
  58  24:13  Roach x2  
  70  24:24  Hatchery  
  70  24:28  Ravager x4  
  73  24:36  Evolution Chamber  
  72  24:41  Extractor  
  72  24:42  Drone x3  
  74  25:20  Zerg Missile Weapons Level 2  
  74  25:24  Zerg Ground Armor Level 1  
  74  25:32  Roach Warren  
  73  25:39  Drone  
  74  25:52  Extractor  
  73  26:01  Queen  
  75  26:07  Ravager x5  
  80  26:12  Ravager  
  80  26:13  Ravager  
  80  26:17  Ravager  
  83  26:35  Hydralisk Den  
  82  26:41  Drone x3  
  82  26:42  Extractor  
  84  27:32  Hydralisk x3  
  84  27:35  Overlord  
  84  27:36  Overlord x2  
  88  27:39  Overlord x3  
  88  28:01  Drone x2  
  88  28:02  Drone  
  91  28:07  Hydralisk x6  
  91  28:08  Hydralisk x5  
  113  28:13  Roach x6  
  125  28:35  Ravager  
  125  28:36  Ravager x4  
  125  28:38  Roach x3  
  136  28:53  Drone  
  136  28:54  Overlord x4  
  137  29:15  Ravager  
  137  29:16  Ravager x2  
  140  29:18  Roach x2  
  140  29:19  Roach x2  
  140  29:21  Hydralisk x2  
  145  29:49  Ravager x2  
  145  29:50  Ravager  
  145  29:51  Ravager  
  149  29:53  Protoss Ground Weapons Level 3, Protoss Ground Armor Level 3, Protoss Shields Level 3  
  149  30:02  Overlord x4  
  149  30:15  Terran Ship Armor Level 3, Terran Infantry Armor Level 3, Zerg Melee Weapons Level 3, Zerg Missile Weapons Level 3, Protoss Air Armor Level 3, Terran Vehicle Weapons Level 3, Terran Ship Weapons Level 3, Terran Vehicle Armor Level 3, Zerg Flyer Armor Level 3, Zerg Ground Armor Level 3, Zerg Flyer Weapons Level 3, Protoss Air Weapons Level 3, Terran Infantry Weapons Level 3  
  149  30:18  Protoss Ground Armor Level 2, Protoss Shields Level 2, Protoss Ground Weapons Level 2  
  149  30:21  Hydralisk x2  
  149  30:22  Hydralisk x2  
  149  30:27  Roach  
  159  30:36  Terran Vehicle Weapons Level 2, Zerg Missile Weapons Level 2, Terran Ship Armor Level 2, Protoss Air Weapons Level 2, Terran Infantry Armor Level 2, Zerg Melee Weapons Level 2, Terran Infantry Weapons Level 2, Protoss Air Armor Level 2, Zerg Ground Armor Level 2, Zerg Flyer Armor Level 2, Terran Vehicle Armor Level 2, Zerg Flyer Weapons Level 2, Terran Ship Weapons Level 2  
  159  30:37  Drone x3  
  162  30:43  Protoss Shields Level 1, Protoss Ground Armor Level 1, Protoss Ground Weapons Level 1  
  162  30:51  Blink  
  164  30:57  Roach x4  
  164  30:58  Zerg Flyer Armor Level 1, Protoss Air Armor Level 1, Zerg Flyer Weapons Level 1, Terran Infantry Armor Level 1, Zerg Melee Weapons Level 1, Zerg Missile Weapons Level 1, Terran Ship Armor Level 1, Zerg Ground Armor Level 1, Terran Vehicle Armor Level 1, Terran Ship Weapons Level 1, Protoss Air Weapons Level 1, Terran Infantry Weapons Level 1, Terran Vehicle Weapons Level 1  
  170  31:12  Extended Thermal Lance, Stimpack, Warp Gate, Neosteel Armor, Charge, Resonating Glaives, Weapon Refit  
  170  31:19  Ventral Sacs, Adrenal Glands  
  170  31:23  Ravager  
  170  31:25  Enduring Locusts  
  171  31:26  Personal Cloaking  
  171  31:33  Corvid Reactor, Tunneling Claws, Combat Shield, Durable Materials, Infernal Pre-Igniter, Psionic Storm, Glial Reconstitution, Chitinous Plating, Neural Parasite, Cloaking Field, Centrifical Hooks, Neosteel Frame, Metabolic Boost  
  171  31:41  Burrow, Muscular Augments x2  
  171  31:55  Gravitic Boosters, Graviton Catapult, Moebius Reactor, Pathogen Glands, Behemoth Reactor, Gravitic Drive, Caduceus Reactor, Hi-Sec Auto Tracking  
  171  32:01  Roach x2  
  171  32:02  Roach x4  
  183  32:09  Pneumatized Carapace, Concussive Shells  
  173  32:52  Unknown x5  
    35:18  Overlord  
    35:24  Drone x12  
    35:36  Unknown  
    35:38  Drone  
    35:39  Protoss Ground Weapons Level 3, Protoss Ground Armor Level 3, Protoss Shields Level 3  
  13  35:49  Overlord  
  13  35:55  Drone  
  14  36:01  Terran Ship Armor Level 3, Terran Infantry Armor Level 3, Zerg Melee Weapons Level 3, Zerg Missile Weapons Level 3, Protoss Air Armor Level 3, Terran Vehicle Weapons Level 3, Terran Ship Weapons Level 3, Terran Vehicle Armor Level 3, Zerg Flyer Armor Level 3, Zerg Ground Armor Level 3, Zerg Flyer Weapons Level 3, Protoss Air Weapons Level 3, Terran Infantry Weapons Level 3  
  14  36:04  Protoss Ground Armor Level 2, Protoss Shields Level 2, Protoss Ground Weapons Level 2  
  14  36:08  Drone x2  
  16  36:17  Drone  
  17  36:22  Terran Vehicle Weapons Level 2, Zerg Missile Weapons Level 2, Terran Ship Armor Level 2, Protoss Air Weapons Level 2, Terran Infantry Armor Level 2, Zerg Melee Weapons Level 2, Terran Infantry Weapons Level 2, Protoss Air Armor Level 2, Zerg Ground Armor Level 2, Zerg Flyer Armor Level 2, Terran Vehicle Armor Level 2, Zerg Flyer Weapons Level 2, Terran Ship Weapons Level 2  
  17  36:29  Protoss Shields Level 1, Protoss Ground Armor Level 1, Protoss Ground Weapons Level 1  
  17  36:32  Hatchery  
  16  36:33  Drone  
  16  36:37  Blink  
  16  36:38  Extractor  
  16  36:41  Drone  
  16  36:44  Zerg Flyer Armor Level 1, Protoss Air Armor Level 1, Zerg Flyer Weapons Level 1, Terran Infantry Armor Level 1, Zerg Melee Weapons Level 1, Zerg Missile Weapons Level 1, Drone, Terran Ship Armor Level 1, Zerg Ground Armor Level 1, Terran Vehicle Armor Level 1, Terran Ship Weapons Level 1, Protoss Air Weapons Level 1, Terran Infantry Weapons Level 1, Terran Vehicle Weapons Level 1  
  18  36:58  Extended Thermal Lance, Spawning Pool, Stimpack, Warp Gate, Neosteel Armor, Charge, Resonating Glaives, Weapon Refit  
  17  37:05  Ventral Sacs, Adrenal Glands  
  17  37:07  Drone  
  18  37:08  Drone  
  18  37:11  Enduring Locusts  
  18  37:12  Personal Cloaking  
  19  37:18  Drone  
  19  37:19  Corvid Reactor, Tunneling Claws, Combat Shield, Durable Materials, Infernal Pre-Igniter, Psionic Storm, Glial Reconstitution, Chitinous Plating, Neural Parasite, Cloaking Field, Centrifical Hooks, Neosteel Frame, Metabolic Boost  
  20  37:27  Burrow, Muscular Augments x2  
  20  37:32  Drone  
  21  37:40  Overlord  
  21  37:41  Gravitic Boosters, Graviton Catapult, Moebius Reactor, Pathogen Glands, Behemoth Reactor, Gravitic Drive, Caduceus Reactor, Hi-Sec Auto Tracking  
  21  37:45  Queen  
  23  37:55  Pneumatized Carapace, Concussive Shells  
  23  37:56  Lair, Drone  
  24  38:16  Drone  
  27  38:35  Overlord  
  27  38:38  Unknown x5  
    38:41  Drone x12  
    38:55  Drone  
  13  39:06  Overlord  
  13  39:10  Drone  
  14  39:25  Drone x2  
  16  39:31  Drone  
  17  39:48  Hatchery  
  16  39:55  Extractor, Drone x2  
  17  40:02  Drone  
  18  40:16  Spawning Pool  
  18  40:18  Drone  
  18  40:35  Drone x2  
  20  40:46  Drone  
  21  40:55  Overlord  
  21  41:05  Queen  
  23  41:13  Protoss Ground Weapons Level 3, Protoss Ground Armor Level 3, Protoss Shields Level 3  
  23  41:21  Queen  
  23  41:24  Metabolic Boost  
  25  41:30  Zergling x2  
  25  41:32  Zergling x2  
  27  41:35  Terran Ship Armor Level 3, Terran Infantry Armor Level 3, Zerg Melee Weapons Level 3, Zerg Missile Weapons Level 3, Protoss Air Armor Level 3, Terran Vehicle Weapons Level 3, Terran Ship Weapons Level 3, Terran Vehicle Armor Level 3, Zerg Flyer Armor Level 3, Zerg Ground Armor Level 3, Zerg Flyer Weapons Level 3, Protoss Air Weapons Level 3, Terran Infantry Weapons Level 3  
  27  41:37  Drone  
  27  41:38  Protoss Ground Armor Level 2, Protoss Shields Level 2, Protoss Ground Weapons Level 2  
  28  41:41  Drone x3  
  31  41:51  Drone  
  32  41:54  Overlord  
  32  41:56  Terran Vehicle Weapons Level 2, Zerg Missile Weapons Level 2, Terran Ship Armor Level 2, Protoss Air Weapons Level 2, Terran Infantry Armor Level 2, Zerg Melee Weapons Level 2, Terran Infantry Weapons Level 2, Protoss Air Armor Level 2, Zerg Ground Armor Level 2, Zerg Flyer Armor Level 2, Terran Vehicle Armor Level 2, Zerg Flyer Weapons Level 2, Terran Ship Weapons Level 2  
  32  42:03  Protoss Shields Level 1, Protoss Ground Armor Level 1, Protoss Ground Weapons Level 1  
  32  42:07  Drone  
  33  42:11  Blink  
  33  42:17  Drone  
  33  42:18  Zerg Flyer Armor Level 1, Protoss Air Armor Level 1, Zerg Flyer Weapons Level 1, Terran Infantry Armor Level 1, Zerg Melee Weapons Level 1, Zerg Missile Weapons Level 1, Terran Ship Armor Level 1, Zerg Ground Armor Level 1, Terran Vehicle Armor Level 1, Terran Ship Weapons Level 1, Protoss Air Weapons Level 1, Terran Infantry Weapons Level 1, Terran Vehicle Weapons Level 1  
  33  42:21  Lair  
  34  42:26  Queen  
  36  42:32  Extended Thermal Lance, Stimpack, Warp Gate, Neosteel Armor, Charge, Resonating Glaives, Weapon Refit  
  36  42:39  Ventral Sacs, Adrenal Glands  
  36  42:45  Enduring Locusts  
  36  42:46  Personal Cloaking  
  36  42:53  Corvid Reactor, Tunneling Claws, Combat Shield, Durable Materials, Infernal Pre-Igniter, Psionic Storm, Glial Reconstitution, Chitinous Plating, Neural Parasite, Cloaking Field, Centrifical Hooks, Neosteel Frame, Metabolic Boost  
  36  43:01  Burrow, Muscular Augments x2  
  36  43:15  Gravitic Boosters, Graviton Catapult, Moebius Reactor, Pathogen Glands, Behemoth Reactor, Gravitic Drive, Caduceus Reactor, Hi-Sec Auto Tracking  
  36  43:25  Hydralisk Den  
  35  43:29  Pneumatized Carapace, Concussive Shells  
  35  43:38  Evolution Chamber  
  35  43:40  Zergling x6  
  37  43:41  Zergling x4  
  39  43:56  Protoss Ground Weapons Level 3, Protoss Ground Armor Level 3, Protoss Shields Level 3  
  39  44:08  Overlord  
  39  44:12  Unknown x5  
  39  44:14  Drone x12  
    44:18  Terran Ship Armor Level 3, Terran Infantry Armor Level 3, Zerg Melee Weapons Level 3, Zerg Missile Weapons Level 3, Protoss Air Armor Level 3, Terran Vehicle Weapons Level 3, Terran Ship Weapons Level 3, Terran Vehicle Armor Level 3, Zerg Flyer Armor Level 3, Zerg Ground Armor Level 3, Zerg Flyer Weapons Level 3, Protoss Air Weapons Level 3, Terran Infantry Weapons Level 3  
    44:21  Protoss Ground Armor Level 2, Protoss Shields Level 2, Protoss Ground Weapons Level 2  
    44:26  Unknown  
    44:28  Drone  
  13  44:39  Terran Vehicle Weapons Level 2, Zerg Missile Weapons Level 2, Terran Ship Armor Level 2, Protoss Air Weapons Level 2, Terran Infantry Armor Level 2, Zerg Melee Weapons Level 2, Terran Infantry Weapons Level 2, Protoss Air Armor Level 2, Zerg Ground Armor Level 2, Zerg Flyer Armor Level 2, Terran Vehicle Armor Level 2, Zerg Flyer Weapons Level 2, Terran Ship Weapons Level 2  
  13  44:45  Overlord  
  13  44:46  Protoss Shields Level 1, Protoss Ground Armor Level 1, Protoss Ground Weapons Level 1  
  13  44:51  Drone  
  14  44:54  Blink  
  14  45:01  Zerg Flyer Armor Level 1, Protoss Air Armor Level 1, Zerg Flyer Weapons Level 1, Terran Infantry Armor Level 1, Zerg Melee Weapons Level 1, Zerg Missile Weapons Level 1, Terran Ship Armor Level 1, Zerg Ground Armor Level 1, Terran Vehicle Armor Level 1, Terran Ship Weapons Level 1, Protoss Air Weapons Level 1, Terran Infantry Weapons Level 1, Terran Vehicle Weapons Level 1  
  14  45:05  Drone  
  14  45:06  Drone  
  16  45:09  Drone  
  17  45:15  Extended Thermal Lance, Stimpack, Warp Gate, Neosteel Armor, Charge, Resonating Glaives, Weapon Refit  
  17  45:22  Ventral Sacs, Adrenal Glands  
  17  45:28  Enduring Locusts  
  17  45:29  Personal Cloaking  
  17  45:36  Corvid Reactor, Tunneling Claws, Combat Shield, Durable Materials, Infernal Pre-Igniter, Psionic Storm, Glial Reconstitution, Chitinous Plating, Neural Parasite, Cloaking Field, Centrifical Hooks, Neosteel Frame, Metabolic Boost  
  17  45:42  Protoss Ground Weapons Level 3, Protoss Ground Armor Level 3, Protoss Shields Level 3  
  17  45:44  Burrow, Muscular Augments x2  
  17  45:47  Hatchery  
  16  45:56  Drone  
  17  45:58  Gravitic Boosters, Graviton Catapult, Moebius Reactor, Pathogen Glands, Behemoth Reactor, Gravitic Drive, Caduceus Reactor, Hi-Sec Auto Tracking  
  17  45:59  Extractor  
  17  46:02  Drone  
  17  46:03  Drone  
  17  46:04  Terran Ship Armor Level 3, Terran Infantry Armor Level 3, Zerg Melee Weapons Level 3, Zerg Missile Weapons Level 3, Protoss Air Armor Level 3, Terran Vehicle Weapons Level 3, Terran Ship Weapons Level 3, Terran Vehicle Armor Level 3, Zerg Flyer Armor Level 3, Zerg Ground Armor Level 3, Zerg Flyer Weapons Level 3, Protoss Air Weapons Level 3, Terran Infantry Weapons Level 3  
  18  46:07  Protoss Ground Armor Level 2, Protoss Shields Level 2, Protoss Ground Weapons Level 2  
  18  46:12  Pneumatized Carapace, Concussive Shells  
  18  46:20  Spawning Pool  
  18  46:22  Drone  
  18  46:25  Terran Vehicle Weapons Level 2, Zerg Missile Weapons Level 2, Terran Ship Armor Level 2, Protoss Air Weapons Level 2, Terran Infantry Armor Level 2, Zerg Melee Weapons Level 2, Terran Infantry Weapons Level 2, Protoss Air Armor Level 2, Zerg Ground Armor Level 2, Zerg Flyer Armor Level 2, Terran Vehicle Armor Level 2, Zerg Flyer Weapons Level 2, Terran Ship Weapons Level 2  
  18  46:28  Drone  
  18  46:32  Protoss Shields Level 1, Protoss Ground Armor Level 1, Protoss Ground Weapons Level 1  
  19  46:38  Drone  
  20  46:40  Blink  
  20  46:47  Zerg Flyer Armor Level 1, Protoss Air Armor Level 1, Zerg Flyer Weapons Level 1, Terran Infantry Armor Level 1, Zerg Melee Weapons Level 1, Zerg Missile Weapons Level 1, Terran Ship Armor Level 1, Zerg Ground Armor Level 1, Terran Vehicle Armor Level 1, Terran Ship Weapons Level 1, Protoss Air Weapons Level 1, Terran Infantry Weapons Level 1, Terran Vehicle Weapons Level 1  
  21  46:50  Overlord  
  22  46:55  Unknown x5  
  22  46:56  Drone x12  
  22  47:01  Extended Thermal Lance, Stimpack, Warp Gate, Neosteel Armor, Charge, Resonating Glaives, Weapon Refit  
    47:08  Unknown, Ventral Sacs, Adrenal Glands  
    47:10  Drone  
    47:14  Enduring Locusts  
    47:15  Personal Cloaking  
  13  47:22  Corvid Reactor, Tunneling Claws, Combat Shield, Durable Materials, Infernal Pre-Igniter, Psionic Storm, Glial Reconstitution, Chitinous Plating, Neural Parasite, Cloaking Field, Centrifical Hooks, Neosteel Frame, Metabolic Boost  
  13  47:26  Overlord  
  13  47:30  Burrow, Muscular Augments x2  
  13  47:44  Gravitic Boosters, Graviton Catapult, Moebius Reactor, Pathogen Glands, Behemoth Reactor, Gravitic Drive, Caduceus Reactor, Hi-Sec Auto Tracking  
  13  47:45  Drone x2  
  15  47:58  Pneumatized Carapace, Lair, Concussive Shells  
  15  47:59  Drone  
  15  48:01  Drone  
  17  48:27  Hatchery  
  16  48:37  Overlord, Extractor  
  16  48:41  Unknown x5  
  15  48:43  Drone x12  
  12  48:59  Drone  
  13  49:08  Overlord  
  13  49:15  Drone  
  14  49:27  Drone  
  15  49:37  Drone  
  17  49:38  Drone  
  17  49:43  Extractor  
  16  49:47  Drone  
  17  50:01  Hatchery  
  17  50:04  Drone x2  
  18  50:18  Spawning Pool  
  18  50:20  Drone  
  18  50:38  Drone x2  
  20  50:56  Drone  
  21  51:03  Overlord  
  21  51:12  Queen  
  21  51:15  Queen  
  25  51:23  Metabolic Boost  
  25  51:27  Zergling x2  
  25  51:28  Zergling x2  
  25  51:32  Drone  
  28  51:36  Drone x2  
  28  51:38  Drone  
  31  52:02  Drone  
  31  52:08  Overlord  
  32  52:13  Drone  
  33  52:17  Drone  
  33  52:20  Lair  
  34  52:28  Drone  
  35  52:30  Drone  
  36  52:56  Roach Warren  
  35  53:04  Drone  
  36  53:12  Evolution Chamber  
  35  53:17  Zergling x4  
  35  53:19  Zergling x2  
  38  53:24  Drone  
  38  53:25  Drone x2  
  41  53:35  Spore Crawler  
  40  53:41  Spore Crawler  
  40  53:45  Drone  
  40  53:47  Drone  
  41  53:48  Drone  
  42  53:57  Zerg Missile Weapons Level 1  
  42  53:58  Glial Reconstitution  
  42  54:04  Extractor  
  42  54:07  Extractor  
  40  54:14  Roach x2  
  44  54:18  Overlord  
  44  54:19  Overlord  
  44  54:43  Roach  
  46  54:46  Roach  
  46  54:47  Roach x2  
  46  54:48  Roach  
  54  54:54  Ravager  
  55  55:19  Roach x2  
  59  55:24  Overlord x3  
  59  55:47  Protoss Ground Weapons Level 3, Protoss Ground Armor Level 3, Protoss Shields Level 3  
  59  55:48  Roach  
  61  55:50  Ravager x2  
  63  56:09  Terran Ship Armor Level 3, Terran Infantry Armor Level 3, Zerg Melee Weapons Level 3, Zerg Missile Weapons Level 3, Protoss Air Armor Level 3, Terran Vehicle Weapons Level 3, Terran Ship Weapons Level 3, Terran Vehicle Armor Level 3, Zerg Flyer Armor Level 3, Zerg Ground Armor Level 3, Zerg Flyer Weapons Level 3, Protoss Air Weapons Level 3, Terran Infantry Weapons Level 3  
  63  56:11  Hatchery  
  62  56:12  Protoss Ground Armor Level 2, Protoss Shields Level 2, Protoss Ground Weapons Level 2  
  62  56:26  Evolution Chamber  
  62  56:30  Terran Vehicle Weapons Level 2, Zerg Missile Weapons Level 2, Terran Ship Armor Level 2, Protoss Air Weapons Level 2, Terran Infantry Armor Level 2, Zerg Melee Weapons Level 2, Terran Infantry Weapons Level 2, Protoss Air Armor Level 2, Zerg Ground Armor Level 2, Zerg Flyer Armor Level 2, Terran Vehicle Armor Level 2, Zerg Flyer Weapons Level 2, Terran Ship Weapons Level 2  
  62  56:31  Extractor  
  60  56:33  Drone x4  
  60  56:34  Drone x2  
  60  56:37  Protoss Shields Level 1, Protoss Ground Armor Level 1, Protoss Ground Weapons Level 1  
  66  56:45  Blink  
  66  56:52  Zerg Flyer Armor Level 1, Protoss Air Armor Level 1, Zerg Flyer Weapons Level 1, Terran Infantry Armor Level 1, Zerg Melee Weapons Level 1, Zerg Missile Weapons Level 1, Terran Ship Armor Level 1, Zerg Ground Armor Level 1, Terran Vehicle Armor Level 1, Terran Ship Weapons Level 1, Protoss Air Weapons Level 1, Terran Infantry Weapons Level 1, Terran Vehicle Weapons Level 1  
  66  56:59  Drone x2  
  68  57:06  Extended Thermal Lance, Stimpack, Warp Gate, Neosteel Armor, Charge, Resonating Glaives, Weapon Refit  
  68  57:09  Ravager  
  68  57:10  Ravager x2  
  68  57:13  Ventral Sacs, Adrenal Glands  
  71  57:19  Enduring Locusts  
  71  57:20  Roach x3, Personal Cloaking  
  71  57:22  Roach  
  79  57:27  Corvid Reactor, Tunneling Claws, Combat Shield, Durable Materials, Infernal Pre-Igniter, Psionic Storm, Glial Reconstitution, Chitinous Plating, Neural Parasite, Cloaking Field, Centrifical Hooks, Neosteel Frame, Metabolic Boost  
  79  57:35  Burrow, Muscular Augments x2  
  79  57:40  Hydralisk Den  
  78  57:46  Drone x3  
  78  57:49  Gravitic Boosters, Graviton Catapult, Moebius Reactor, Pathogen Glands, Behemoth Reactor, Gravitic Drive, Caduceus Reactor, Hi-Sec Auto Tracking  
  81  57:57  Roach x3  
  81  57:58  Roach  
  89  58:00  Overlord x2  
  89  58:01  Overlord, Extractor  
  89  58:03  Pneumatized Carapace, Concussive Shells  
  88  58:08  Extractor  
  93  58:46  Unknown x5  
Show
View Real Time Build Order
Export as new Build Order

A.I. 1 (Very Easy) Terran 

Build Orders: Command Center First (CC) 

Get SALT Encoding   

    0:26  SCV x12  
    0:38  Unknown  
    0:39  SCV  
  13  0:51  SCV  
  13  0:56  Supply Depot  
  14  1:03  SCV  
  15  1:17  SCV  
  16  1:30  SCV  
  17  1:40  Command Center  
  17  1:50  Barracks  
  17  1:54  Refinery  
  17  2:06  Supply Depot  
  17  2:11  Refinery  
  17  2:23  SCV  
  18  2:35  SCV  
  19  2:38  Marine  
  20  2:47  SCV  
  21  3:10  Marine  
  22  3:43  Marine  
  23  5:48  Marine, SCV  
  25  5:51  Factory  
  25  5:55  SCV  
  26  6:02  SCV  
  27  6:10  SCV  
  28  6:17  SCV  
  29  6:18  Barracks Tech Lab  
  29  6:24  SCV  
  30  6:35  Starport  
  30  6:37  Marauder  
  29  7:07  Marine  
  30  7:13  Starport Tech Lab  
  30  7:31  Raven  
  32  7:38  Marine  
  33  7:46  Command Center  
  33  8:09  Marine  
  34  8:14  Raven  
  36  9:00  SCV  
  37  9:07  SCV  
  37  9:09  Refinery  
  38  9:11  Refinery  
  38  9:14  SCV  
  39  9:21  SCV  
  40  9:28  SCV  
  41  9:35  SCV  
  42  9:43  SCV  
  43  9:50  SCV  
  44  9:57  SCV  
  45  10:04  SCV  
  46  10:11  SCV  
  47  10:18  SCV  
  47  10:25  SCV  
  48  10:33  SCV  
  49  10:40  SCV  
  49  10:41  Factory Tech Lab, Medivac  
  52  10:43  Supply Depot  
  52  11:03  Siege Tank  
  55  11:06  Supply Depot  
  55  11:11  Medivac  
  51  11:41  Raven  
  53  12:01  Armory  
  53  12:48  Thor  
  59  14:16  Protoss Ground Weapons Level 3, Protoss Ground Armor Level 3, Protoss Shields Level 3  
  59  14:38  Terran Ship Armor Level 3, Terran Infantry Armor Level 3, Zerg Melee Weapons Level 3, Zerg Missile Weapons Level 3, Protoss Air Armor Level 3, Terran Vehicle Weapons Level 3, Terran Ship Weapons Level 3, Terran Vehicle Armor Level 3, Zerg Flyer Armor Level 3, Zerg Ground Armor Level 3, Zerg Flyer Weapons Level 3, Protoss Air Weapons Level 3, Terran Infantry Weapons Level 3  
  59  14:41  Protoss Ground Armor Level 2, Protoss Shields Level 2, Protoss Ground Weapons Level 2  
  59  14:48  SCV  
  59  14:59  Terran Vehicle Weapons Level 2, Zerg Missile Weapons Level 2, Terran Ship Armor Level 2, Protoss Air Weapons Level 2, Terran Infantry Armor Level 2, Zerg Melee Weapons Level 2, Terran Infantry Weapons Level 2, Protoss Air Armor Level 2, Zerg Ground Armor Level 2, Zerg Flyer Armor Level 2, Terran Vehicle Armor Level 2, Zerg Flyer Weapons Level 2, Terran Ship Weapons Level 2  
  59  15:04  SCV  
  59  15:06  Protoss Shields Level 1, Protoss Ground Armor Level 1, Protoss Ground Weapons Level 1  
  58  15:08  Marine  
  58  15:11  SCV  
  57  15:14  Blink  
  57  15:18  SCV  
  57  15:20  Supply Depot  
  49  15:21  Zerg Flyer Armor Level 1, Protoss Air Armor Level 1, Zerg Flyer Weapons Level 1, Terran Infantry Armor Level 1, Zerg Melee Weapons Level 1, Zerg Missile Weapons Level 1, Terran Ship Armor Level 1, Zerg Ground Armor Level 1, Terran Vehicle Armor Level 1, Terran Ship Weapons Level 1, Protoss Air Weapons Level 1, Terran Infantry Weapons Level 1, Terran Vehicle Weapons Level 1  
  49  15:26  SCV  
  33  15:33  SCV  
  33  15:35  Extended Thermal Lance, Stimpack, Warp Gate, Neosteel Armor, Charge, Resonating Glaives, Weapon Refit  
  31  15:37  Viking  
  31  15:42  Ventral Sacs, Adrenal Glands  
  31  15:47  SCV  
  31  15:48  Enduring Locusts  
  31  15:49  Personal Cloaking  
  30  15:53  Supply Depot  
  30  15:56  Corvid Reactor, Tunneling Claws, Combat Shield, Durable Materials, Infernal Pre-Igniter, Psionic Storm, Glial Reconstitution, Chitinous Plating, Neural Parasite, Cloaking Field, Centrifical Hooks, Neosteel Frame, Metabolic Boost  
  24  16:04  Burrow, Muscular Augments x2  
  22  16:18  Gravitic Boosters, Graviton Catapult, Moebius Reactor, Pathogen Glands, Behemoth Reactor, Gravitic Drive, Caduceus Reactor, Hi-Sec Auto Tracking  
  10  16:32  Pneumatized Carapace, Concussive Shells  
  4  17:15  Unknown x5  
  4  17:18  SCV x12  
    17:30  Unknown  
    17:31  SCV  
  13  17:43  SCV  
  14  18:22  Command Center  
  14  18:42  Supply Depot  
  14  19:07  Barracks  
  14  19:10  Refinery  
  14  19:19  Refinery  
  14  19:31  SCV  
  15  19:35  Refinery  
  15  19:48  SCV  
  15  19:49  Refinery  
  16  19:55  SCV  
  17  20:02  SCV  
  18  20:09  Factory  
  18  20:10  SCV  
  18  20:13  Marine  
  20  20:25  SCV  
  21  20:31  Marine  
  21  20:33  SCV  
  23  20:40  SCV  
  24  20:47  SCV  
  25  20:54  SCV  
  25  20:55  Starport  
  26  21:01  SCV  
  27  21:08  SCV  
  28  21:15  SCV  
  29  21:20  Supply Depot  
  29  21:23  SCV  
  30  21:28  Marine  
  30  21:32  Starport Tech Lab  
  31  21:46  Marine  
  32  21:53  Raven  
  34  21:57  Supply Depot  
  34  22:04  Barracks Tech Lab  
  34  22:23  Marine  
  34  22:29  Supply Depot  
  35  22:36  Medivac  
  37  22:40  Marine  
  38  22:56  SCV  
  39  22:58  Marine  
  39  23:02  Supply Depot  
  39  23:05  SCV  
  41  23:06  Medivac  
  41  23:12  SCV  
  44  23:16  Marine  
  44  23:19  SCV  
  46  23:26  SCV  
  47  23:34  SCV, Reaper  
  48  23:36  Raven  
  48  23:40  Supply Depot  
  48  23:41  SCV  
  52  23:48  SCV  
  54  23:55  SCV  
  54  24:03  SCV  
  54  24:06  Reaper  
  56  24:11  SCV  
  57  24:18  SCV, Raven  
  57  24:23  Hellion  
  62  24:24  Supply Depot  
  62  24:38  Marine  
  62  24:44  Factory Tech Lab  
  63  24:56  Marauder  
  65  25:06  Hellion  
  69  25:21  Marauder  
  69  25:35  Siege Tank  
  72  26:07  Siege Tank  
  75  27:34  Marine  
  67  27:37  Raven  
  67  27:52  Marine  
  68  28:10  Marine  
  69  28:55  Marine  
  70  28:56  Ghost Academy  
  70  29:13  Reaper  
  69  29:43  Raven  
  69  29:44  Ghost  
  50  29:53  Protoss Ground Weapons Level 3, Protoss Ground Armor Level 3, Protoss Shields Level 3  
  50  30:13  Ghost  
  52  30:15  Terran Ship Armor Level 3, Terran Infantry Armor Level 3, Zerg Melee Weapons Level 3, Zerg Missile Weapons Level 3, Protoss Air Armor Level 3, Terran Vehicle Weapons Level 3, Terran Ship Weapons Level 3, Terran Vehicle Armor Level 3, Zerg Flyer Armor Level 3, Zerg Ground Armor Level 3, Zerg Flyer Weapons Level 3, Protoss Air Weapons Level 3, Terran Infantry Weapons Level 3  
  52  30:18  Protoss Ground Armor Level 2, Protoss Shields Level 2, Protoss Ground Weapons Level 2  
  52  30:26  Raven  
  54  30:36  Terran Vehicle Weapons Level 2, Zerg Missile Weapons Level 2, Terran Ship Armor Level 2, Protoss Air Weapons Level 2, Terran Infantry Armor Level 2, Zerg Melee Weapons Level 2, Terran Infantry Weapons Level 2, Protoss Air Armor Level 2, Zerg Ground Armor Level 2, Zerg Flyer Armor Level 2, Terran Vehicle Armor Level 2, Zerg Flyer Weapons Level 2, Terran Ship Weapons Level 2  
  54  30:42  Reaper  
  55  30:43  Protoss Shields Level 1, Protoss Ground Armor Level 1, Protoss Ground Weapons Level 1  
  55  30:51  Blink  
  55  30:58  Zerg Flyer Armor Level 1, Protoss Air Armor Level 1, Zerg Flyer Weapons Level 1, Terran Infantry Armor Level 1, Zerg Melee Weapons Level 1, Zerg Missile Weapons Level 1, Terran Ship Armor Level 1, Zerg Ground Armor Level 1, Terran Vehicle Armor Level 1, Terran Ship Weapons Level 1, Protoss Air Weapons Level 1, Terran Infantry Weapons Level 1, Terran Vehicle Weapons Level 1  
  55  31:09  Medivac  
  57  31:12  Extended Thermal Lance, Stimpack, Warp Gate, Neosteel Armor, Charge, Resonating Glaives, Weapon Refit  
  57  31:14  Marine  
  58  31:19  Ventral Sacs, Adrenal Glands  
  58  31:25  Enduring Locusts  
  58  31:26  Personal Cloaking  
  58  31:31  Marine  
  59  31:33  Corvid Reactor, Tunneling Claws, Combat Shield, Durable Materials, Infernal Pre-Igniter, Psionic Storm, Glial Reconstitution, Chitinous Plating, Neural Parasite, Cloaking Field, Centrifical Hooks, Neosteel Frame, Metabolic Boost  
  59  31:41  Burrow, Muscular Augments x2  
  59  31:49  Marine  
  60  31:55  Gravitic Boosters, Graviton Catapult, Moebius Reactor, Pathogen Glands, Behemoth Reactor, Gravitic Drive, Caduceus Reactor, Hi-Sec Auto Tracking  
  58  32:07  Marine  
  56  32:09  Pneumatized Carapace, Concussive Shells  
  49  32:15  SCV  
  29  32:25  Marine  
  29  32:27  SCV  
  1  32:52  Unknown x5  
    35:24  SCV x12  
    35:36  Unknown  
    35:39  Protoss Ground Weapons Level 3, Protoss Ground Armor Level 3, Protoss Shields Level 3  
    35:40  SCV  
  13  35:54  Supply Depot  
  13  36:01  Terran Ship Armor Level 3, Terran Infantry Armor Level 3, Zerg Melee Weapons Level 3, Zerg Missile Weapons Level 3, Protoss Air Armor Level 3, Terran Vehicle Weapons Level 3, Terran Ship Weapons Level 3, Terran Vehicle Armor Level 3, Zerg Flyer Armor Level 3, Zerg Ground Armor Level 3, Zerg Flyer Weapons Level 3, Protoss Air Weapons Level 3, Terran Infantry Weapons Level 3  
  13  36:04  Protoss Ground Armor Level 2, Protoss Shields Level 2, Protoss Ground Weapons Level 2  
  13  36:22  Terran Vehicle Weapons Level 2, Zerg Missile Weapons Level 2, Terran Ship Armor Level 2, Protoss Air Weapons Level 2, Terran Infantry Armor Level 2, Zerg Melee Weapons Level 2, Terran Infantry Weapons Level 2, Protoss Air Armor Level 2, Zerg Ground Armor Level 2, Zerg Flyer Armor Level 2, Terran Vehicle Armor Level 2, Zerg Flyer Weapons Level 2, Terran Ship Weapons Level 2  
  13  36:29  Protoss Shields Level 1, Protoss Ground Armor Level 1, Protoss Ground Weapons Level 1  
  13  36:35  Command Center  
  13  36:37  Blink  
  13  36:44  Zerg Flyer Armor Level 1, Protoss Air Armor Level 1, Zerg Flyer Weapons Level 1, Terran Infantry Armor Level 1, Zerg Melee Weapons Level 1, Zerg Missile Weapons Level 1, Terran Ship Armor Level 1, Zerg Ground Armor Level 1, Terran Vehicle Armor Level 1, Terran Ship Weapons Level 1, Protoss Air Weapons Level 1, Terran Infantry Weapons Level 1, Terran Vehicle Weapons Level 1  
  13  36:52  Barracks  
  13  36:58  Extended Thermal Lance, Stimpack, Warp Gate, Neosteel Armor, Charge, Resonating Glaives, Weapon Refit  
  13  37:05  Ventral Sacs, Adrenal Glands  
  13  37:08  Refinery  
  13  37:11  Enduring Locusts  
  13  37:12  Refinery, Personal Cloaking  
  13  37:19  Corvid Reactor, Tunneling Claws, Combat Shield, Durable Materials, Infernal Pre-Igniter, Psionic Storm, Glial Reconstitution, Chitinous Plating, Neural Parasite, Cloaking Field, Centrifical Hooks, Neosteel Frame, Metabolic Boost  
  13  37:24  SCV  
  13  37:27  Burrow, Muscular Augments x2  
  14  37:33  Supply Depot  
  14  37:36  SCV  
  15  37:39  Marine  
  15  37:41  Gravitic Boosters, Graviton Catapult, Moebius Reactor, Pathogen Glands, Behemoth Reactor, Gravitic Drive, Caduceus Reactor, Hi-Sec Auto Tracking  
  16  37:55  Pneumatized Carapace, Concussive Shells  
  16  37:57  SCV  
  17  37:58  Barracks Tech Lab  
  17  38:05  SCV  
  18  38:12  SCV  
  19  38:19  SCV  
  23  38:34  Factory  
  23  38:38  Unknown x5  
    38:41  SCV x12  
    38:53  Unknown  
  12  38:57  SCV  
  13  39:09  SCV  
  14  39:13  Supply Depot  
  14  39:21  SCV  
  15  39:35  SCV  
  16  39:47  SCV  
  16  39:48  Barracks  
  17  40:12  Command Center  
  17  40:50  Marine  
  17  40:52  Refinery  
  17  40:54  Supply Depot  
  18  41:00  SCV  
  19  41:12  SCV, Refinery  
  19  41:13  Protoss Ground Weapons Level 3, Protoss Ground Armor Level 3, Protoss Shields Level 3  
  19  41:15  Marine  
  21  41:24  SCV  
  22  41:33  Marine  
  22  41:35  Terran Ship Armor Level 3, Terran Infantry Armor Level 3, Zerg Melee Weapons Level 3, Zerg Missile Weapons Level 3, Protoss Air Armor Level 3, Terran Vehicle Weapons Level 3, Terran Ship Weapons Level 3, Terran Vehicle Armor Level 3, Zerg Flyer Armor Level 3, Zerg Ground Armor Level 3, Zerg Flyer Weapons Level 3, Protoss Air Weapons Level 3, Terran Infantry Weapons Level 3  
  22  41:38  Protoss Ground Armor Level 2, Protoss Shields Level 2, Protoss Ground Weapons Level 2  
  23  41:56  Terran Vehicle Weapons Level 2, Zerg Missile Weapons Level 2, Terran Ship Armor Level 2, Protoss Air Weapons Level 2, Terran Infantry Armor Level 2, Zerg Melee Weapons Level 2, Terran Infantry Weapons Level 2, Protoss Air Armor Level 2, Zerg Ground Armor Level 2, Zerg Flyer Armor Level 2, Terran Vehicle Armor Level 2, Zerg Flyer Weapons Level 2, Terran Ship Weapons Level 2  
  23  41:57  Marine  
  24  42:03  Protoss Shields Level 1, Protoss Ground Armor Level 1, Protoss Ground Weapons Level 1  
  24  42:07  Factory  
  24  42:11  Blink  
  24  42:15  Marine  
  25  42:18  Zerg Flyer Armor Level 1, Protoss Air Armor Level 1, Zerg Flyer Weapons Level 1, Terran Infantry Armor Level 1, Zerg Melee Weapons Level 1, Zerg Missile Weapons Level 1, Terran Ship Armor Level 1, Zerg Ground Armor Level 1, Terran Vehicle Armor Level 1, Terran Ship Weapons Level 1, Protoss Air Weapons Level 1, Terran Infantry Weapons Level 1, Terran Vehicle Weapons Level 1  
  25  42:32  Extended Thermal Lance, Marine, Stimpack, Warp Gate, Neosteel Armor, Charge, Resonating Glaives, Weapon Refit  
  26  42:39  Ventral Sacs, Adrenal Glands  
  26  42:45  Enduring Locusts  
  26  42:46  Personal Cloaking  
  26  42:52  Starport  
  26  42:53  Corvid Reactor, Tunneling Claws, Combat Shield, Durable Materials, Infernal Pre-Igniter, Psionic Storm, Glial Reconstitution, Chitinous Plating, Neural Parasite, Cloaking Field, Centrifical Hooks, Neosteel Frame, Metabolic Boost  
  26  43:01  Burrow, Muscular Augments x2  
  26  43:15  Gravitic Boosters, Graviton Catapult, Moebius Reactor, Pathogen Glands, Behemoth Reactor, Gravitic Drive, Caduceus Reactor, Hi-Sec Auto Tracking  
  26  43:24  SCV  
  27  43:29  Pneumatized Carapace, Widow Mine, Concussive Shells  
  27  43:30  Starport Tech Lab  
  27  43:31  SCV  
  30  43:38  SCV  
  33  43:56  Protoss Ground Weapons Level 3, Protoss Ground Armor Level 3, Protoss Shields Level 3  
  33  44:12  Unknown x5  
  33  44:14  SCV x12  
    44:18  Terran Ship Armor Level 3, Terran Infantry Armor Level 3, Zerg Melee Weapons Level 3, Zerg Missile Weapons Level 3, Protoss Air Armor Level 3, Terran Vehicle Weapons Level 3, Terran Ship Weapons Level 3, Terran Vehicle Armor Level 3, Zerg Flyer Armor Level 3, Zerg Ground Armor Level 3, Zerg Flyer Weapons Level 3, Protoss Air Weapons Level 3, Terran Infantry Weapons Level 3  
    44:21  Protoss Ground Armor Level 2, Protoss Shields Level 2, Protoss Ground Weapons Level 2  
    44:26  Unknown  
    44:27  SCV  
  13  44:39  Terran Vehicle Weapons Level 2, Zerg Missile Weapons Level 2, Terran Ship Armor Level 2, Protoss Air Weapons Level 2, Terran Infantry Armor Level 2, Zerg Melee Weapons Level 2, Terran Infantry Weapons Level 2, Protoss Air Armor Level 2, Zerg Ground Armor Level 2, Zerg Flyer Armor Level 2, Terran Vehicle Armor Level 2, Zerg Flyer Weapons Level 2, Terran Ship Weapons Level 2  
  13  44:40  SCV  
  14  44:46  Protoss Shields Level 1, Protoss Ground Armor Level 1, Protoss Ground Weapons Level 1  
  14  44:52  SCV  
  15  44:54  Blink  
  15  44:58  Supply Depot  
  15  45:00  Refinery  
  15  45:01  Zerg Flyer Armor Level 1, Protoss Air Armor Level 1, Zerg Flyer Weapons Level 1, Terran Infantry Armor Level 1, Zerg Melee Weapons Level 1, Zerg Missile Weapons Level 1, Terran Ship Armor Level 1, Zerg Ground Armor Level 1, Terran Vehicle Armor Level 1, Terran Ship Weapons Level 1, Protoss Air Weapons Level 1, Terran Infantry Weapons Level 1, Terran Vehicle Weapons Level 1  
  15  45:15  Extended Thermal Lance, Stimpack, Warp Gate, Neosteel Armor, Charge, Resonating Glaives, Weapon Refit  
  15  45:20  SCV  
  16  45:22  Ventral Sacs, Adrenal Glands  
  16  45:28  Enduring Locusts  
  16  45:29  Personal Cloaking  
  16  45:32  SCV  
  16  45:33  Barracks  
  17  45:36  Corvid Reactor, Tunneling Claws, Combat Shield, Durable Materials, Infernal Pre-Igniter, Psionic Storm, Glial Reconstitution, Chitinous Plating, Neural Parasite, Cloaking Field, Centrifical Hooks, Neosteel Frame, Metabolic Boost  
  17  45:42  Protoss Ground Weapons Level 3, Protoss Ground Armor Level 3, Protoss Shields Level 3  
  17  45:44  Burrow, Muscular Augments x2, SCV  
  18  45:58  Gravitic Boosters, Graviton Catapult, Moebius Reactor, Pathogen Glands, Behemoth Reactor, Gravitic Drive, Caduceus Reactor, Hi-Sec Auto Tracking  
  18  46:01  Command Center  
  18  46:04  Terran Ship Armor Level 3, Terran Infantry Armor Level 3, Zerg Melee Weapons Level 3, Zerg Missile Weapons Level 3, Protoss Air Armor Level 3, Terran Vehicle Weapons Level 3, Terran Ship Weapons Level 3, Terran Vehicle Armor Level 3, Zerg Flyer Armor Level 3, Zerg Ground Armor Level 3, Zerg Flyer Weapons Level 3, Protoss Air Weapons Level 3, Terran Infantry Weapons Level 3  
  18  46:07  Protoss Ground Armor Level 2, Protoss Shields Level 2, Protoss Ground Weapons Level 2  
  18  46:12  Pneumatized Carapace, Concussive Shells  
  18  46:25  Terran Vehicle Weapons Level 2, Zerg Missile Weapons Level 2, Terran Ship Armor Level 2, Protoss Air Weapons Level 2, Terran Infantry Armor Level 2, Zerg Melee Weapons Level 2, Terran Infantry Weapons Level 2, Factory, Protoss Air Armor Level 2, Zerg Ground Armor Level 2, Zerg Flyer Armor Level 2, Terran Vehicle Armor Level 2, Zerg Flyer Weapons Level 2, Terran Ship Weapons Level 2  
  18  46:30  Marine  
  18  46:31  Refinery  
  18  46:32  Protoss Shields Level 1, Protoss Ground Armor Level 1, Protoss Ground Weapons Level 1  
  19  46:33  Supply Depot  
  19  46:35  SCV  
  20  46:40  Blink  
  20  46:47  Zerg Flyer Armor Level 1, Protoss Air Armor Level 1, Zerg Flyer Weapons Level 1, Terran Infantry Armor Level 1, Zerg Melee Weapons Level 1, Zerg Missile Weapons Level 1, Terran Ship Armor Level 1, Zerg Ground Armor Level 1, Terran Vehicle Armor Level 1, Terran Ship Weapons Level 1, Protoss Air Weapons Level 1, Terran Infantry Weapons Level 1, Terran Vehicle Weapons Level 1  
  21  46:55  Unknown x5  
  21  46:56  SCV x12  
  21  47:01  Extended Thermal Lance, Stimpack, Warp Gate, Neosteel Armor, Charge, Resonating Glaives, Weapon Refit  
    47:08  Unknown, Ventral Sacs, Adrenal Glands  
    47:10  SCV  
    47:14  Enduring Locusts  
    47:15  Personal Cloaking  
  13  47:22  Corvid Reactor, Tunneling Claws, Combat Shield, Durable Materials, Infernal Pre-Igniter, Psionic Storm, Glial Reconstitution, Chitinous Plating, SCV, Neural Parasite, Cloaking Field, Centrifical Hooks, Neosteel Frame, Metabolic Boost  
  14  47:30  Burrow, Muscular Augments x2  
  14  47:34  SCV  
  15  47:41  Supply Depot  
  15  47:44  Gravitic Boosters, Graviton Catapult, Moebius Reactor, Pathogen Glands, Behemoth Reactor, Gravitic Drive, Caduceus Reactor, Hi-Sec Auto Tracking  
  15  47:58  Pneumatized Carapace, Concussive Shells  
  15  48:02  SCV  
  16  48:11  Command Center  
  16  48:14  SCV  
  16  48:19  Refinery  
  17  48:28  Supply Depot  
  17  48:41  Unknown x5  
  17  48:43  SCV x12  
    48:55  Unknown  
  12  48:56  SCV  
  13  49:08  SCV  
  14  49:15  Supply Depot  
  14  49:20  SCV  
  15  49:37  SCV  
  16  49:49  SCV  
  16  49:50  Barracks  
  17  50:01  SCV  
  18  50:15  Command Center  
  18  50:19  Refinery  
  18  50:27  Supply Depot  
  18  50:37  Marine  
  18  50:41  Refinery  
  19  50:53  SCV  
  19  50:54  Marine  
  21  51:05  SCV  
  22  51:13  Barracks Tech Lab  
  22  51:29  Supply Depot  
  22  51:31  Marauder  
  24  51:46  Factory  
  24  51:52  Marine  
  25  52:10  Marine  
  26  52:28  Marine  
  27  52:33  Starport  
  27  52:59  Marine  
  28  53:11  Starport Tech Lab  
  28  53:17  Marine  
  29  53:28  Factory Tech Lab  
  29  53:29  Raven  
  31  53:35  Marine  
  31  53:40  SCV  
  33  53:47  Siege Tank  
  33  53:48  SCV  
  37  53:55  SCV  
  38  54:00  Marine  
  38  54:02  SCV  
  40  54:09  SCV  
  41  54:12  Medivac  
  41  54:15  Supply Depot  
  41  54:16  SCV  
  44  54:41  Raven  
  46  55:05  Siege Tank  
  49  55:24  Raven  
  51  55:31  Supply Depot  
  51  55:37  Siege Tank  
  54  55:47  Protoss Ground Weapons Level 3, Protoss Ground Armor Level 3, Protoss Shields Level 3  
  54  56:07  Medivac  
  54  56:09  Terran Ship Armor Level 3, Terran Infantry Armor Level 3, Zerg Melee Weapons Level 3, Zerg Missile Weapons Level 3, Protoss Air Armor Level 3, Terran Vehicle Weapons Level 3, Terran Ship Weapons Level 3, Terran Vehicle Armor Level 3, Zerg Flyer Armor Level 3, Zerg Ground Armor Level 3, Zerg Flyer Weapons Level 3, Protoss Air Weapons Level 3, Terran Infantry Weapons Level 3  
  56  56:12  Protoss Ground Armor Level 2, Protoss Shields Level 2, Protoss Ground Weapons Level 2  
  56  56:30  Terran Vehicle Weapons Level 2, Zerg Missile Weapons Level 2, Terran Ship Armor Level 2, Protoss Air Weapons Level 2, Terran Infantry Armor Level 2, Zerg Melee Weapons Level 2, Terran Infantry Weapons Level 2, Protoss Air Armor Level 2, Zerg Ground Armor Level 2, Zerg Flyer Armor Level 2, Terran Vehicle Armor Level 2, Zerg Flyer Weapons Level 2, Terran Ship Weapons Level 2  
  56  56:37  Protoss Shields Level 1, Protoss Ground Armor Level 1, Protoss Ground Weapons Level 1  
  56  56:45  Blink  
  56  56:52  Zerg Flyer Armor Level 1, Protoss Air Armor Level 1, Zerg Flyer Weapons Level 1, Terran Infantry Armor Level 1, Zerg Melee Weapons Level 1, Zerg Missile Weapons Level 1, Terran Ship Armor Level 1, Zerg Ground Armor Level 1, Terran Vehicle Armor Level 1, Terran Ship Weapons Level 1, Protoss Air Weapons Level 1, Terran Infantry Weapons Level 1, Terran Vehicle Weapons Level 1  
  56  57:06  Extended Thermal Lance, Stimpack, Warp Gate, Neosteel Armor, Charge, Resonating Glaives, Weapon Refit  
  56  57:13  Ventral Sacs, Adrenal Glands  
  56  57:15  Reaper  
  57  57:19  Enduring Locusts, Supply Depot  
  57  57:20  Personal Cloaking  
  57  57:27  Corvid Reactor, Tunneling Claws, Combat Shield, Durable Materials, Infernal Pre-Igniter, Psionic Storm, Glial Reconstitution, Chitinous Plating, Neural Parasite, Cloaking Field, Centrifical Hooks, Neosteel Frame, Metabolic Boost  
  57  57:35  Burrow, Muscular Augments x2  
  57  57:47  Marine  
  57  57:49  Gravitic Boosters, Graviton Catapult, Moebius Reactor, Pathogen Glands, Behemoth Reactor, Gravitic Drive, Caduceus Reactor, Hi-Sec Auto Tracking  
  58  58:03  Pneumatized Carapace, Concussive Shells  
  58  58:05  Marauder  
  62  58:39  Command Center  
  62  58:46  Unknown x5  
Tags
 
Add a new tag
Caveats
  • Supply blocks, unpowered buildings, or Contaminate may cause inaccurate times.
  • Supply counts are checked every 10 seconds.